 Dungeon Crawl Stone Soup version 0.19-a0-1019-g9c6a58d (webtiles) character file.

884 4thArraOfDagon the Poker (level 7, 0/57 HPs)
             Began as a Centaur Abyssal Knight on July 25, 2016.
             Was a Priest of Lugonu.
             Killed by triggering an arrow trap (15 damage)
             ... in an ossuary.
             The game lasted 00:07:23 (1512 turns).

4thArraOfDagon the Poker (Centaur Abyssal Knight)   Turns: 1512, Time: 00:07:24

Health: 0/57       AC: 11    Str: 11    XL:     7   Next: 76%
Magic:  9/9        EV:  8    Int:  9    God:    Lugonu [***...]
Gold:   123        SH:  0    Dex: 15    Spells: 0 memorised, 6 levels left

rFire  . . .     SeeInvis .     d - +1 trident "Geqol" {elec, Int-4 Dex+6} (curse)
rCold  . . .     Gourm    .     q - +5 ring mail of Generosity {rN++ Stlth-}
rNeg   + + .     Faith    .     (no shield)
rPois  .         Spirit   .     (no helmet)
rElec  .         Dismiss  .     (no cloak)
rCorr  .         Reflect  .     (no gloves)
SustAt .         Harm     +     (no barding)
MR     .....                    j - amulet of harm
Stlth  ..........               (no ring)
                                i - -3 ring of strength (curse)

@: very quick, not resistant to hostile enchantments, extremely unstealthy
A: hooves 3, deformed body, speed 2, tough skin 3
a: Depart the Abyss, Bend Space, Banish, Renounce Religion


You were in an ossuary.
You worshipped Lugonu.
Lugonu was most pleased with you.
You were not hungry.

You visited 1 branch of the dungeon, and saw 4 of its levels.
You visited the Abyss 1 time.
You also visited: Ossuary.

You collected 123 gold pieces.

Inventory:

Hand Weapons
 a - a +2 spear
 d - the cursed +1 trident "Geqol" (weapon) {elec, Int-4 Dex+6}
   (You found it on level 2 of the Abyss)

   Occasionally, upon striking a foe, it will discharge some electrical energy
   and cause terrible harm.
   It affects your intelligence (-4).
   It affects your dexterity (+6).
   It has a curse placed upon it.
Armour
 b - a +0 leather armour
 n - a +1 ring mail
 q - the +5 ring mail of Generosity (worn) {rN++ Stlth-}
   (You found it on level 4 of the Dungeon)

   It greatly protects you from negative energy.
   It makes you less stealthy.
Jewellery
 i - a cursed -3 ring of strength (left hand)
 j - an amulet of harm (around neck)
 u - an uncursed amulet of dismissal
Wands
 m - a wand of confusion (22/48)
 o - a wand of flame (21/48)
 p - a wand of acid (11/15)
Scrolls
 f - 3 scrolls of enchant armour
 k - a scroll of blinking {unknown}
 t - a scroll of amnesia {unknown}
 v - a scroll of magic mapping {unknown}
 w - a scroll of fog {unknown}
 x - 2 scrolls of remove curse {unknown}
 y - a scroll of teleportation {unknown}
 B - a scroll of recharging
Potions
 e - a potion of degeneration {unknown}
 g - a potion of heal wounds {unknown}
 h - 3 potions of flight {unknown}
 l - 4 potions of curing {unknown}
 r - a potion of might {unknown}
 s - a potion of lignification {unknown}
 z - a potion of agility
 A - 2 potions of cure mutation {unknown}
Comestibles
 c - 3 bread rations


   Skills:
 - Level 3.0 Fighting
 * Level 7.6 Polearms
 + Level 2.2 Armour
 - Level 0.6 Dodging
 + Level 3.2 Invocations


You had 6 spell levels left.
You didn't know any spells.

Dungeon Overview and Level Annotations

Branches:
Dungeon (4/15)
 Temple: D:4-7

Altars:
Dithmenos
Qazlal
Ru
Vehumet

Shops:
D:4 %


Innate Abilities, Weirdness & Mutations

You have hooves in place of feet.
Armour fits poorly on your strangely shaped body.
You cover ground very quickly.
You have extremely tough skin. (AC +3)


Message History

A mummy comes into view.
Found a scroll of recharging.
You are too injured to fight recklessly!
You are too injured to fight recklessly!
Attack whom?
Press: ? - help, Dir - move target cursor, f - mummy
Aim: a mummy You reach to attack!
You puncture the mummy!
There is a sudden explosion of sparks!
You destroy the mummy!
Lugonu accepts your kill.
A gnoll skeleton comes into view.
There is an open door here.
You found an arrow trap!
Unknown command.
You see here a scroll of recharging.
Unknown command.
B - a scroll of recharging An arrow shoots out and hits you!
You die...

.^'^.####
#+..# ##'##
### .##### ..#
#..^###∩# ##
### ##+##
+....'..#
###.###...+
#...###∩#
##.....'...+
##+## ###
###^.#####...#
..# ##..##
##'## ##..#
.'.##
#.#####.Z.#
#### #..'.^@.#
#####.### ###


You could see a gnoll skeleton.

Vanquished Creatures
  Eustachio (D:3)
  The ghost of feamirim the Insei, an amateur DsFi (D:3)
  Duvessa (D:4)
  An ogre (D:4)
  Dowan (D:4)
  4 orc wizards
  A worker ant (D:3)
  14 mummies
  An adder (D:4)
  2 worms (D:2)
  2 dart slugs
  2 giant geckos
  7 orcs
  2 bats
  3 giant cockroaches
  4 goblins
  2 hobgoblins
  A quokka (D:3)
  A ball python (D:3)
  2 giant newts
  2 gnoll skeletons (Ossuary)
  3 goblin skeletons (Ossuary)
  4 kobolds
  2 orc skeletons (Ossuary)
  3 rats (D:2)
  11 rat skeletons (Ossuary)
78 creatures vanquished.

Notes
Turn   | Place    | Note
-------+----------+-------------------------------------------
     0 | Abyss:1  | 4thArraOfDagon the Centaur Abyssal Knight began the quest for the Orb.
     0 | Abyss:1  | Reached XP level 1. HP: 19/19 MP: 2/2
    17 | Abyss:2  | Got an iridescent trident
    18 | Abyss:2  | Identified the cursed +1 trident "Geqol" {elec, Int-4 Dex+6} (You found it on level 2 of the Abyss)
    21 | Abyss:2  | Noticed a thrashing horror
    21 | Abyss:2  | :(
    29 | D:1      | Escaped the Abyss
   104 | D:2      | Reached skill level 2 in Polearms
   126 | D:1      | Reached * piety under Lugonu
   235 | D:2      | Reached XP level 2. HP: 13/26 MP: 3/3
   303 | D:2      | Noticed a water elemental
   305 | D:2      | Found a stormy altar of Qazlal.
   306 | D:2      | Noticed a fire elemental
   306 | D:2      | Noticed an earth elemental
   306 | D:2      | Noticed an air elemental
   339 | D:2      | Reached skill level 3 in Polearms
   498 | D:3      | Reached XP level 3. HP: 26/31 MP: 4/4
   507 | D:3      | Noticed feamirim's ghost (amateur DsFi)
   548 | D:3      | Killed feamirim's ghost
   548 | D:3      | Reached skill level 5 in Polearms
   548 | D:3      | Reached XP level 4. HP: 25/38 MP: 5/5
   548 | D:3      | Reached XP level 5. HP: 29/45 MP: 6/6
   601 | D:3      | Reached ** piety under Lugonu
   718 | D:3      | Found a sacrificial altar of Ru.
   750 | D:4      | Noticed Eustachio
   760 | D:3      | Killed Eustachio
   760 | D:3      | Reached skill level 6 in Polearms
   760 | D:3      | Reached XP level 6. HP: 28/51 MP: 7/7
   818 | D:4      | Found a radiant altar of Vehumet.
   868 | D:4      | Got a spiked ring mail
   879 | D:4      | Identified the +5 ring mail of Generosity {rN++ Stlth-} (You found it on level 4 of the Dungeon)
  1049 | D:4      | Found a shadowy altar of Dithmenos.
  1050 | D:4      | Noticed Duvessa
  1050 | D:4      | Noticed Dowan
  1071 | D:4      | Killed Duvessa
  1071 | D:4      | Reached skill level 7 in Polearms
  1071 | D:4      | Reached XP level 7. HP: 36/57 MP: 8/8
  1071 | D:4      | Killed Dowan
  1134 | D:4      | Found Veud's Food Boutique.
  1271 | D:4      | Found a sand-covered staircase.
  1279 | Ossuary  | Entered an ossuary
  1375 | Ossuary  | Reached *** piety under Lugonu
  1512 | Ossuary  | Killed by triggering an arrow trap

Vault maps used:
D:1:      dpeg_arrival_rooms_b, minivault_27
D:2:      nicolae_qazlal_style_of_elements
D:3:      first_bread, nicolae_ru_the_path_less_chosen
D:4:      lemuel_round_altar, vehumet_altar_wand_db, minitemple, serial_shops,
          shop_fountains, gup_ossuary_entry_pyramid, grunt_ministairs_10,
          nicolae_dithmenos_the_darkroom, uniq_natasha, uniq_duvessa,
          uniq_eustachio
Abyss:2:  minivault_5
Ossuary:  ossuary_due_small_catacomb

Skill      XL: |  1  2  3  4  5  6  7 |
---------------+----------------------+-----
Polearms       | 2 3 5 6 7 |  7.6
Armour         | 2 |  2.2
Invocations    | 3 |  3.2
Fighting       | |  3.0
Dodging        | |  0.6

Action                   |  1- 3 |  4- 6 |  7- 9 || total
-------------------------+-------+-------+-------++-------
Melee: Trident           |    74 |    39 |    76 ||   189
       Kick              |    11 |     4 |     6 ||    21
Invok: Depart the Abyss  |     1 |       |       ||     1
Evoke: Wand              |       |     2 |     2 ||     4
  Use: Scroll            |       |     3 |     3 ||     6
 Stab: Confused          |       |       |     1 ||     1
  Eat: Pizza             |       |       |     1 ||     1
Armor: Leather armour    |    11 |     1 |       ||    12
       Ring mail         |       |       |     1 ||     1
Dodge: Dodged            |    21 |     3 |     3 ||    27
